 Dungeon Crawl Stone Soup version 0.29.1-1-gd02db6906a (webtiles) character file.

Game seed: 9677432847296025226

64 Atelerd the Sneak (level 4, -1/25 (27) HPs)
             Began as an Octopode Earth Elementalist on Oct 12, 2022.
             Slain by a wight
             ... wielding a +0 scimitar
              (10 damage)
             ... on level 3 of the Dungeon.
             The game lasted 00:02:20 (2162 turns).

Atelerd the Sneak (Octopode Earth Elementalist)     Turns: 2162, Time: 00:02:21

HP:   -1/25 (27)    AC:  1    Str:  7    XL:     4   Next: 12%
MP:   7/7           EV: 13    Int: 19    God:
Gold: 2             SH:  0    Dex: 12    Spells: 7/8 levels left

rFire   . . .      SeeInvis .   c - +0 dagger (venom)
rCold   . . .      Faith    .   (no shield)
rNeg    . . .      Spirit   .   (helmet restricted)
rPois   .          Reflect  .   (no amulet)
rElec   .          Harm     .   (no ring)
rCorr   .          Rampage  .   (no ring)
Will    .....                   (no ring)
Stlth   +++.......              (no ring)
HPRegen 0.08/turn               (no ring)
MPRegen 0.10/turn               (no ring)
                                (no ring)
                                (no ring)

@: drained
A: almost no armour, amphibious, 8 rings, camouflage 1, gelatinous body 1,
(nimble swimmer 1), tentacles
a: no special abilities


You were on level 3 of the Dungeon.
You visited 1 branch of the dungeon, and saw 3 of its levels.

You collected 84 gold pieces.
You spent 82 gold pieces at shops.

Inventory:

Hand Weapons
 c - a +0 dagger of venom (weapon)
Jewellery
 j - a ring of ice
Wands
 k - a wand of polymorph (5)
Scrolls
 b - 3 scrolls of identify {unknown}
 d - a scroll of silence {unknown}
 e - a scroll of acquirement {unknown}
 g - a scroll of vulnerability {unknown}
 i - a scroll of fog {unknown}
 m - a scroll of blinking
 n - a scroll of noise {unknown}
Potions
 a - a potion of magic
 f - a potion of brilliance {unknown}
 h - a potion of berserk rage {unknown}
 l - a potion of heal wounds {unknown}


   Skills:
 - Level 2.5 Dodging
 + Level 3.6 Stealth
 * Level 2.5 Spellcasting
 * Level 1.8 Transmutations
 + Level 3.4 Earth Magic


You had 7 spell levels left.
You knew the following spells:

 Your Spells              Type           Power      Damage    Failure   Level
a - Sandblast             Erth           30%        2d9       4%          1

Your spell library contained the following spells:

 Spells                   Type           Power      Damage    Failure   Level
 Passwall                 Tmut/Erth      10%        N/A       9%          2
 Stone Arrow              Conj/Erth      16%        3d8       24%         3
 Petrify                  Tmut/Erth      12%        N/A       47%         4


Dungeon Overview and Level Annotations

Branches:
Dungeon (3/15)

Altars:
Okawaru

Shops:
D:1 ?   D:3 !


Innate Abilities, Weirdness & Mutations

You cannot wear most types of armour.
You are amphibious.
You can wear up to eight rings at the same time.
Your skin changes colour to match your surroundings (Stealth+).
Your rubbery body absorbs attacks. (AC +1, EV +1)
((You are camouflaged when in or above water. (Stealth+)))
You have tentacles for arms and can constrict up to eight enemies at once.


Message History

Key pressed, stopping explore.
You can't see any susceptible monsters within range! (Use Z to cast anyway.) No target in view!
Key pressed, stopping explore.
You can't see any susceptible monsters within range! (Use Z to cast anyway.) No target in view!
No target in view!
Key pressed, stopping explore.
You can't see any susceptible monsters within range! (Use Z to cast anyway.)
There is a stone staircase leading down here.
You open the door. 4 wights come into view.
You can't see any susceptible monsters within range! (Use Z to cast anyway.)
Found a gold piece and an amethyst potion.
There is an open door here.
There are monsters nearby!
A wight comes into view. It is wielding a +0 hand axe.
Found a scroll labelled JUJAHA IFOHAR.
The wight misses you.
There are monsters nearby!
The wight completely misses you. The wight misses you.
The wight attacks as you move away! The wight closely misses you.
There is an open door here.
The wight attacks as you move away! The wight closely misses you.
The wight attacks as you move away! The wight barely misses you.
There is a stone staircase leading down here.
The wight attacks as you move away! The wight closely misses you.
The wight attacks as you move away! The wight hits you with a +0 scimitar!
You feel drained. The wight attacks as you move away! The wight misses you.
The wight attacks as you move away! The wight barely misses you.
Press: ? - help, v - describe, . - travel
Here: a wight, wielding a +0 scimitar and wearing a +0 robe The floor.
The wight attacks as you move away! The wight hits you with a +0 scimitar.
You feel drained.
You see here a +0 robe.
The wight attacks as you move away! The wight closely misses you.
The wight attacks as you move away! The wight hits you with a +0 scimitar!
You die...

.......... ........
......##############
......'....z.z.z...#
......#####.######.#
......# #......# #z#
......# #.#.##†# #.#
.....!###'#.##.###z#
......#.....##..@z.#
#######.....########
#.....################
#...................<#
#........#...##.######
#.......###...#.#
#...............#
#.....#.).).#...#
#...(##.._..##..#


You could see 2 wights.

Vanquished Creatures
  An adder (D:2)
  2 worms (D:2)
  3 ball pythons
  6 bats
  4 endoplasms
  4 giant cockroaches
  4 goblins (D:1)
  6 hobgoblins
  4 kobolds (D:1)
  2 quokkas
  8 rats
44 creatures vanquished.

Notes
Turn   | Place    | Note
-------+----------+-------------------------------------------
     0 | D:1      | Atelerd the Octopode Earth Elementalist began the quest for
                  | the Orb.
     0 | D:1      | Reached XP level 1. HP: 11/11 MP: 3/3
   215 | D:1      | Reached XP level 2. HP: 17/17 MP: 3/5
   630 | D:1      | Found Cintexoy's Magic Scroll Boutique.
   691 | D:1      | Found a faded altar of an unknown god.
  1005 | D:1      | Reached XP level 3. HP: 18/21 MP: 6/6
  1707 | D:2      | Reached XP level 4. HP: 27/27 MP: 7/7
  1928 | D:3      | Found Duahuarph's Distillery.
  1997 | D:1      | Bought a scroll of blinking for 82 gold pieces
  2059 | D:3      | Found an iron altar of Okawaru.
  2162 | D:3      | Slain by a wight

Illustrated notes

Levels and vault maps discovered:
D:1:      dpeg_arrival_morbid_curiosity, layout_loops_ring,
          chequers_ecumenical_altar_simple, serial_shops, shop, moated_statue
D:2:      layout_loops_cross, bh_walls_and_bars
D:3:      layout_basic, okawaru_ov_weapons_minmay, serial_shops,
          nicolae_shop_hallway_stairs, uniq_ijyb, uniq_terence

Skill      XL: |  1  2 |
---------------+-------+-----
Stealth        | 3 |  3.6
Dodging        | |  2.5
Spellcasting   | |  2.5
Transmutations | |  1.8
Earth Magic    | |  3.4

Action                   |  1- 3 |  4- 6 || total
-------------------------+-------+-------++-------
Melee: Unarmed           |     4 |       ||     4
       Dagger            |    39 |       ||    39
       Constrict         |    14 |       ||    14
       Tentacles         |     8 |       ||     8
       Punch             |     1 |       ||     1
 Cast: Sandblast         |    18 |     5 ||    23
 Stab: Sleeping          |    15 |       ||    15
Armor: Skin              |     5 |       ||     5
Dodge: Dodged            |    40 |    11 ||    51
